 Dungeon Crawl Stone Soup version 0.29.1-15-g9cfb28693d (webtiles) character file.

Game seed: 3315588935366070732

118479 112233 the Spry (level 16, -29/80 HPs)
             Began as a Felid Air Elementalist on Feb 24, 2023.
             Was a High Priest of Vehumet.
             Killed from afar by a deep elf elementalist (55 damage)
             ... with a fireball
             ... on level 3 of the Elven Halls.
             The game lasted 01:27:05 (69562 turns).

112233 the Spry (Felid Air Elementalist)           Turns: 69562, Time: 01:27:06

Health: -29/80     AC:  3    Str:  4    XL:     16   Next: 25%
Magic:  25/36      EV: 38    Int: 30    God:    Vehumet [*****.]
Gold:   2040       SH:  0    Dex: 21    Spells: 8/46 levels left
                                        Lives:  0   Deaths: 4

rFire   . . .      SeeInvis +   (weapon unavailable)
rCold   + . .      Faith    .   (shield unavailable)
rNeg    . . .      Spirit   .   (body armour unavailable)
rPois   .          Reflect  .   (helmet unavailable)
rElec   .          Harm     .   (cloak unavailable)
rCorr   .          Rampage  .   (gloves unavailable)
Will    ++...                   (boots unavailable)
Stlth   +++.......              l - amulet of the acrobat
HPRegen 0.23/turn               k - +6 ring of intelligence
MPRegen 0.25/turn               T - ring "Pesol" {Drain EV+4 Dex+4}

@: quick
A: very small, claws 1, fangs 3, see invisible, speed 1, shaggy fur 3, stealthy
paws, no weapons or thrown items, no armour, multi-lived, no potion heal 1
a: Renounce Religion


You were on level 3 of the Elven Halls.
You worshipped Vehumet.
Vehumet was extremely pleased with you.
You visited 8 branches of the dungeon, and saw 32 of its levels.

You collected 3300 gold pieces.
You spent 1260 gold pieces at shops.

Inventory:

Jewellery
 c - a ring of positive energy
 g - a ring of fire
 k - a +6 ring of intelligence (left paw)
 l - an amulet of the acrobat (around neck)
 m - a ring of poison resistance
 p - a ring of protection from cold
 J - an amulet of magic regeneration
 L - an amulet of guardian spirit
 R - a ring of protection from cold
 T - the ring "Pesol" (right paw) {Drain EV+4 Dex+4}
   (You found it on level 10 of the Dungeon)

   [ring of evasion]

   EV:        It affects your evasion (+4).
   Dex:       It affects your dexterity (+4).
   Drain:     It drains your maximum health when unequipped.
 U - a +4 ring of protection
 V - a ring of willpower
Wands
 i - a wand of paralysis (25)
 y - a wand of polymorph (12)
 D - a wand of roots (1)
 F - a wand of mindburst (34)
 I - a wand of flame (13) (quivered)
 Q - a wand of digging (1)
Scrolls
 b - 4 scrolls of immolation
 f - 4 scrolls of silence
 h - 4 scrolls of enchant weapon
 n - 7 scrolls of noise
 q - 2 scrolls of teleportation
 t - 7 scrolls of enchant armour
 v - 6 scrolls of fog
 A - 4 scrolls of poison
 G - 3 scrolls of vulnerability
 K - 17 scrolls of identify
 N - a scroll of torment
 P - 7 scrolls of fear
 W - a scroll of brand weapon
Potions
 a - 4 potions of might
 d - 4 potions of mutation
 e - 5 potions of curing
 j - 2 potions of cancellation
 o - 3 potions of brilliance
 r - 2 potions of ambrosia
 w - 3 potions of flight
 z - 2 potions of haste
 C - 2 potions of attraction
 H - 2 potions of berserk rage
Miscellaneous
 x - a phantom mirror
 O - a lightning rod (4/4)
 X - a condenser vane (inert)


   Skills:
 + Level 14.3 Fighting
 + Level 18.5 Dodging
 - Level 2.8 Stealth
 * Level 15.5 Spellcasting
 * Level 11.3 Conjurations
 + Level 10.4 Summonings
 * Level 2.7 Transmutations
 - Level 13.3 Air Magic


You had 8 spell levels left.
You knew the following spells:

 Your Spells              Type           Power      Damage    Failure   Level
a - Summon Lightning Spi  Summ/Air       76%        N/A       1%          4
b - Lightning Bolt        Conj/Air       39%        1d57      1%          5
c - Spellforged Servitor  Conj/Summ      36%        N/A       5%          7
d - Airstrike             Air            40%        2d(6-22)  1%          4
f - Iron Shot             Conj/Erth      27%        9d6       9%          6
g - Apportation           Tloc           46%        N/A       1%          1
h - Orb of Destruction    Conj           37%        9d11      4%          7
j - Blink                 Tloc           46%        N/A       3%          2
k - Passwall              Tmut/Erth      25%        N/A       1%          2

Your spell library contained the following spells:

 Spells                   Type           Power      Damage    Failure   Level
 Magic Dart               Conj           100%       1d8       0%          1
 Shock                    Conj/Air       100%       1d9       0%          1
 Static Discharge         Conj/Air       78%        3-13/arc  0%          2
 Foxfire                  Conj/Fire      100%       2x1d9     1%          1
 Slow                     Hex            92%        N/A       1%          1
 Call Imp                 Summ           72%        N/A       1%          2
 Poisonous Vapours        Pois/Air       100%       N/A       1%          2
 Wereblood                Tmut           39%        N/A       1%          2
 Conjure Flame            Conj/Fire      55%        6-21      1%          3
 Ignite Poison            Fire/Tmut/Pois 28%        N/A       1%          3
 Inner Flame              Hex/Fire       23%        N/A       1%          3
 Mephitic Cloud           Conj/Pois/Air  64%        N/A       1%          3
 Stone Arrow              Conj/Erth      100%       3d13      1%          3
 Swiftness                Air            80%        N/A       1%          3
 Flame Wave               Conj/Fire      55%        2d13      1%          4
 Hailstorm                Conj/Ice       55%        3d12      1%          4
 Iskenderun's Mystic Bla  Conj/Tloc      55%        2d12      1%          4
 Sticky Flame             Conj/Fire      55%        2d7       1%          4
 Fireball                 Conj/Fire      27%        3d12      1%          5
 Freezing Cloud           Conj/Ice/Air   32%        6-21      1%          5
 Iskenderun's Battlesphe  Conj           75%        2d12      1%          5
 Ensorcelled Hibernation  Hex/Ice        46%        N/A       3%          2
 Sublimation of Blood     Necr           23%        N/A       3%          2
 Confusing Touch          Hex            23%        N/A       6%          3
 Lesser Beckoning         Tloc           23%        N/A       6%          3
 Vampiric Draining        Necr           23%        2d7       6%          3
 Summon Forest            Summ/Tloc      26%        N/A       6%          5
 Starburst                Conj/Fire      27%        6d9       9%          6
 Ice Form                 Ice/Tmut       31%        N/A       11%         4
 Maxwell's Capacitive Co  Air            40%        ∞         14%         8
 Anguish                  Hex/Necr       11%        N/A       21%         4
 Animate Dead             Necr           23%        N/A       21%         4
 Cause Fear               Hex            11%        N/A       21%         4
 Dispel Undead            Necr           23%        3d12      21%         4
 Summon Hydra             Summ           36%        N/A       24%         7
 Alistair's Intoxication  Tmut/Pois      20%        N/A       30%         5
 Borgnjor's Vile Clutch   Necr/Erth      11%        N/A       50%         5
 Manifold Assault         Tloc           23%        N/A       50%         5
 Storm Form               Tmut/Air       32%        N/A       52%         7
 Lehudib's Crystal Spear  Conj/Erth      27%        10d7      95%         8
 Death Channel            Necr           11%        N/A       97%         6
 Simulacrum               Ice/Necr       11%        N/A       97%         6
 Dragon Form              Tmut           19%        N/A       99%         7
 Enfeeble                 Hex            11%        N/A       100%        7
 Ignition                 Fire           11%        3d5       100%        8
 Dragon's Call            Summ           36%        N/A       100%        9


Dungeon Overview and Level Annotations

Branches:
Dungeon (15/15)            Temple (1/1) D:7            Lair (5/5) D:8
 Shoals (3/4) Lair:2       Spider (1/4) Lair:3          Orc (2/2) D:9
    Elf (3/3) Orc:2        Vaults (0/5) D:13         Depths (2/4) D:15
  Slime: Lair:4-5

Altars:
Ashenzari
Cheibriados
Dithmenos
Elyvilon
Fedhas
Gozag
Hepliaklqana
Kikubaaqudgha
Makhleb
Nemelex Xobeh
Okawaru
Qazlal
Ru
Sif Muna
Trog
Uskayaw
Vehumet
Wu Jian
Xom
Yredelemnul
Zin
The Shining One
Jiyva

Shops:
D:14 [   Orc:2 (?=?**:

Portals:
Hell: Depths:1
Abyss: Depths:1
Ziggurat: Depths:2

Annotations:
D:5 2 transporters, Cape's ghost, novice MiFi
D:6 exclusions: downstairs and upstairs
D:9 exclusion: upstairs
D:10 exclusion: upstairs
D:11 exclusion: downstairs
D:13 Azrael
D:14 1 runed translucent door, Nuasicui's ghost, journeyman MiBe
Lair:1 exclusion: 2 oklob plants
Lair:5 exclusion: 2 oklob plants
Shoals:2 exclusions: downstairs and upstairs
Shoals:3 Jorgrun
Orc:2 exclusion: upstairs
Elf:1 exclusion: downstairs
Elf:2 3 runed translucent doors
Depths:1 2 transporters, ababab's ghost, adept FeEn


Innate Abilities, Weirdness & Mutations

You have sharp claws.
You have razor-sharp teeth.
You have supernaturally acute eyesight. (SInv)
You cover ground quickly. (Speed+)
Your thick and shaggy fur keeps you warm. (AC +3, rC+)
Your paws help you pounce on unaware monsters.
You are incapable of wielding weapons or throwing items.
You cannot wear armour.
You gain extra lives every three experience levels.
Potions are less effective at restoring your health.


Message History

An electric hum fills the air.
The deep elf archer unwields a +0 short sword.
The deep elf archer wields a +0 shortbow.
The deep elf archer shoots an arrow.
The arrow hits you!
Your spellforged servitor conjures an orb of pure magic.
The deep elf archer shoots an arrow.
The arrow misses you.
The deep elf archer shoots an arrow.
The arrow completely misses you.
Your spellforged servitor launches a ball of destructive magic.
The orb of destruction hits the deep elf archer!!!!
The deep elf archer is blown up!
Vehumet accepts your kill.
Unknown command.
Your orb of destruction hits a rock wall.
You start resting.
Your lightning spire disappears in a puff of smoke!
Your spellforged servitor disappears in a puff of smoke!
Magic restored.
You start resting.
A deep elf elementalist opens the door.
It is wielding a +0 long sword.
A deep elf elementalist is nearby!
A deep elf elementalist is nearby!
A deep elf elementalist is nearby!
Casting: Summon Lightning Spire (safe; 1% risk of failure)
Confirm with . or Enter, or press ? or * to list all spells.
You summon a servant imbued with your destructive magic!
The deep elf elementalist shouts!
The deep elf elementalist gestures at you while chanting.
The fireball explodes!
The fireball engulfs you!!
Your spellforged servitor conjures an orb of pure magic.
You hear a shout! x3
A deep elf elementalist is nearby!
Unknown command.
Unknown command.
Casting: Spellforged Servitor (dangerous; 5% risk of failure)
Confirm with . or Enter, or press ? or * to list all spells.
An electric hum fills the air.
The deep elf elementalist casts a spell at you.
The fireball explodes!
The fireball engulfs you!!!
Ouch! That really hurt!
You die...

. #. #.
#.###+###
#e...).#
##.....##
#...@.8.#
#..*8<).#
#.)..9).))#
#.##..(..##
.. #.^...#
#. ##)####
. #. #.


You could see a deep elf elementalist (repels missiles, ally target), a friendly
spellforged servitor (summoned) and a friendly lightning spire (summoned).

Vanquished Creatures
  A sphinx (Depths:1)
  Kirke (D:12)
  2 fire giants
  A very ugly thing (Depths:1)
  A stone giant (Depths:1)
  A deep elf demonologist (Elf:1)
  A deep elf annihilator (Elf:2)
  Snorg (D:13)
  3 merfolk impalers
  2 ettins (Depths:1)
  A deep elf death mage (Elf:1)
  A yaktaur captain (D:15)
  Josephine (Orc:1)
  A fire dragon (D:15)
  A deep elf high priest (Elf:1)
  5 boulder beetles
  2 ogre magi
  4 centaur warriors
  3 hydras
  6 two-headed ogres
  9 dancing weapons
  A death yak (Shoals:3)
  2 tengu warriors (D:14)
  2 orc high priests
  4 hell knights
  8 deep elf knights
  Nergalle (D:12)
  2 skeletal warriors (D:14)
  2 iron trolls (Depths:1)
  A fire crab (shapeshifter) (D:15)
  A glowing orange brain (Depths:2)
  A steelbarb worm (shapeshifter) (Elf:1)
  5 sea snakes
  3 deep elf archers
  A lindwurm (Lair:3)
  17 deep elf pyromancers
  15 deep elf zephyrmancers
  6 harpies
  3 orc knights
  A wizard (D:15)
  A wolf spider (Lair:5)
  A necromancer (D:15)
  12 cyclopes
  A nameless horror (Shoals:1)
  2 orc sorcerers
  7 ugly things
  3 fauns
  6 manticores
  2 elephants (Lair:4)
  A guardian serpent (shapeshifter) (D:14)
  A merfolk siren (Lair:2)
  A water nymph (Shoals:2)
  9 black mambas
  A guardian serpent (Lair:5)
  12 cane toads
  2 centaur skeletons (D:13)
  2 gargoyles
  3 unseen horrors
  A rime drake (Lair:2)
  2 yaktaurs
  5 komodo dragons
  A rime drake (shapeshifter) (Elf:1)
  2 tengu conjurers (D:14)
  2 efreet
  5 trolls
  9 merfolk
  3 polar bears
  A wind drake (Shoals:1)
  3 meliai
  Prince Ribbit (D:7)
  7 blink frogs
  A hornet (D:10)
  2 snapping turtles
  3 tarantellas
  9 slime creatures
  4 wraiths
  33 yaks
  12 wyverns
  2 air elementals (Elf:1)
  7 basilisks
  3 water elementals
  3 hogs (D:12)
  7 fire elementals
  3 redbacks (Lair:5)
  6 vampire mosquitoes
  3 wargs
  An acid dragon (D:12)
  A floating eye (Depths:1)
  A floating eye (shapeshifter) (Elf:1)
  10 water moccasins
  2 black bears
  A hell hound (D:13)
  2 sky beasts (D:8)
  3 ice beasts
  A boggart (D:10)
  35 orc warriors
  11 ogres
  7 wolves
  17 centaurs
  An elf zombie (D:4)
  3 kobold brigands
  5 bullfrogs
  2 earth elementals
  A necrophage (D:6)
  A scorpion (D:6)
  7 wights
  9 killer bees
  An electric eel (D:11)
  12 howler monkeys
  A gnoll bouda (D:10)
  4 hounds
  3 jellies
  9 orc priests
  Jessica (D:2)
  2 human skeletons (D:4)
  Ijyb (D:5)
  Terence (D:3)
  3 iguanas
  19 orc wizards
  A river rat (D:5)
  13 adders
  5 gnolls (D:10)
  A shadow imp (D:5)
  2 white imps
  4 worms
  3 dart slugs
  81 orcs
  5 ball pythons
  7 endoplasms
  8 giant cockroaches
  5 goblins
  12 hobgoblins
  8 jackals
  3 quokkas
  7 bats
  3 frilled lizards
  14 kobolds
  3 orc skeletons (D:4)
  5 rats
  A butterfly (D:8)
700 creatures vanquished.

Vanquished Creatures (collateral kills)
  Sojobo (Depths:1)
  An acid blob (shapeshifter) (Elf:2)
  2 tengu reavers (Depths:1)
  A fire giant (Depths:1)
  9 very ugly things
  A stone giant (Depths:1)
  2 fire dragons (Depths:1)
  An ettin (Depths:1)
  A merfolk javelineer (Shoals:1)
  2 jiangshi (Depths:1)
  A boulder beetle (D:11)
  3 rakshasas
  A catoblepas (D:13)
  Erolcha (D:11)
  2 ice dragons (Depths:1)
  A deep troll earth mage (Depths:1)
  5 dancing weapons
  5 two-headed ogres
  2 vampire magi (Depths:1)
  2 deep troll shamans
  2 hell knights (Depths:1)
  A tengu warrior (D:10)
  2 deep elf knights
  A spriggan berserker (Depths:1)
  3 skeletal warriors
  A goliath frog (shapeshifter) (D:14)
  2 sea snakes (Shoals:1)
  5 deep elf archers
  4 deep trolls
  2 lindwurms
  A necromancer (Depths:1)
  8 deep elf zephyrmancers
  An orc knight (D:13)
  4 harpies
  3 deep elf pyromancers (Elf:1)
  17 ugly things
  5 fauns
  2 cyclopes
  6 elephants (Lair:4)
  An orc sorcerer (Orc:1)
  2 manticores
  A black mamba (Lair:5)
  A water nymph (Shoals:1)
  2 merfolk sirens (Shoals:2)
  2 centaur skeletons (D:13)
  4 cane toads
  A rime drake (Lair:2)
  3 komodo dragons
  A yaktaur (D:15)
  2 trolls
  A nameless horror (Elf:2)
  7 blink frogs
  A merfolk (Shoals:3)
  2 tarantellas (Spider:1)
  2 slime creatures
  2 hornets (Lair:5)
  2 snapping turtles (Shoals:1)
  A jumping spider (Spider:1)
  3 hogs
  27 yaks
  7 wyverns (Lair:5)
  2 basilisks (Lair:5)
  3 vampire mosquitoes
  A redback (Spider:1)
  A warg (Orc:1)
  5 water moccasins
  An acid dragon (D:12)
  2 hell hounds (D:13)
  An orc warrior (D:13)
  4 wolves
  2 bullfrogs
  A killer bee (Lair:3)
  2 howler monkeys (D:8)
  An orc wizard (D:8)
  4 orcs
  A butterfly (D:8)
220 creatures vanquished.

Vanquished Creatures (others)
  A dancing weapon (Elf:3)
  A harpy (Shoals:1)
  A floating eye (shapeshifter) (D:13)
  An adder (D:5)
  An orc (D:5)
  53 fungi
  160 plants
218 creatures vanquished.

Grand Total: 1138 creatures vanquished

Notes
Turn   | Place    | Note
-------+----------+-------------------------------------------
     0 | D:1      | 112233 the Felid Air Elementalist began the quest for the
                  | Orb.
     0 | D:1      | Reached XP level 1. HP: 7/7 MP: 4/4
    44 | D:1      | Reached skill level 1 in Conjurations
   422 | D:1      | Reached XP level 2. HP: 4/11 MP: 0/6
  1334 | D:1      | Learned a level 1 spell: Magic Dart
  1337 | D:1      | Learned a level 2 spell: Static Discharge
  1445 | D:1      | Reached XP level 3. HP: 14/14 MP: 4/8
  2101 | D:2      | Noticed Jessica
  2108 | D:2      | Killed Jessica
  2109 | D:2      | Reached XP level 4. HP: 18/18 MP: 1/10
  2475 | D:2      | Reached skill level 3 in Dodging
  2568 | D:2      | Found a faded altar of an unknown god.
  3280 | D:3      | Reached XP level 5. HP: 21/21 MP: 9/12
  3313 | D:3      | Noticed Terence
  3334 | D:3      | Killed Terence
  3335 | D:3      | Reached skill level 1 in Fighting
  3816 | D:3      | Identified the +8 whip of True Grit {speed, rElec rN+ Will+
                  | Str-2}
  3893 | D:3      | Learned a level 3 spell: Swiftness
  4907 | D:4      | Reached skill level 4 in Dodging
  4907 | D:4      | Gained mutation: You are covered in thick fur. (AC +2)
                  | [Felid growth]
  4907 | D:4      | Reached XP level 6. HP: 4/26 MP: 5/13
  6069 | D:4      | Got Detun's Octavo of the Voyage and the Nimbus
  6150 | D:4      | Learned a level 4 spell: Airstrike
  6740 | D:5      | Entered Level 5 of the Dungeon
  6749 | D:5      | Reached XP level 7. HP: 13/30 MP: 5/15
  6955 | D:5      | Reached skill level 5 in Dodging
  6955 | D:5      | Reached skill level 5 in Spellcasting
  7127 | D:5      | Noticed Ijyb
  7127 | D:5      | Paralysed by Ijyb for 3 turns
  7133 | D:5      | Killed Ijyb
  8477 | D:5      | Noticed Cape's ghost (novice MiFi)
  8706 | D:6      | Reached skill level 6 in Dodging
  8859 | D:5      | Reached XP level 8. HP: 35/36 MP: 10/17
  9154 | D:5      | Found a transporter.
  9186 | D:5      | Found a transporter.
  9252 | D:5      | Found a broken altar of Ashenzari.
  9253 | D:5      | Found a hide-covered altar of Uskayaw.
  9620 | D:5      | Reached skill level 5 in Air Magic
  9945 | D:7      | Noticed Prince Ribbit
  9949 | D:7      | Killed Prince Ribbit
  9950 | D:7      | Reached skill level 7 in Dodging
 10618 | D:7      | Reached skill level 5 in Fighting
 10892 | D:7      | Found a staircase to the Ecumenical Temple.
 11135 | Temple   | Entered the Ecumenical Temple
 11331 | Temple   | Became a worshipper of Vehumet
 11358 | D:7      | Reached XP level 9. HP: 37/40 MP: 7/19
 11477 | D:7      | Found an opulent altar of Gozag.
 11680 | D:7      | Identified the +3 trident of Waruwoeh {vorpal, Drain rF+
                  | Will+ Int+4}
 11808 | D:7      | Found a white marble altar of Elyvilon.
 12010 | D:7      | Got Ocolaoj's Grimoire of the Ruinous Pyromaniac
 12363 | D:7      | Reached skill level 8 in Dodging
 12653 | D:8      | Noticed a two-headed ogre
 12912 | D:8      | Noticed a komodo dragon
 13194 | D:8      | Killed a two-headed ogre
 13596 | D:8      | Reached skill level 9 in Dodging
 13736 | D:8      | Found a staircase to the Lair.
 13748 | D:8      | Killed a komodo dragon
 14144 | D:8      | Reached * piety under Vehumet
 14144 | D:8      | Offered knowledge of Foxfire by Vehumet.
 14464 | D:8      | Reached XP level 10. HP: 46/46 MP: 17/22
 15568 | D:9      | Slain by a wyvern
 15569 | D:9      | Reached XP level 9. HP: -3/43 MP: 21/21
 15622 | D:9      | Noticed a troll
 15627 | D:9      | Killed a troll
 15628 | D:9      | Reached skill level 10 in Dodging
 15651 | D:10     | Entered Level 10 of the Dungeon
 15812 | D:10     | Noticed a boulder beetle
 15812 | D:10     | Noticed a cyclops
 15812 | D:10     | Noticed a rakshasa
 15812 | D:10     | Noticed a deep elf pyromancer
 15812 | D:10     | Noticed a tengu warrior
 15822 | D:10     | Noticed a centaur warrior
 17291 | D:10     | Noticed a gargoyle
 17291 | D:10     | Noticed a two-headed ogre
 17566 | D:10     | Killed a two-headed ogre
 17567 | D:10     | Reached XP level 10. HP: 48/48 MP: 0/23
 17713 | D:10     | Noticed a cyclops
 17714 | D:10     | Noticed a cyclops
 17741 | D:11     | Noticed a cyclops
 18176 | D:12     | Noticed a cyclops
 18203 | D:11     | Reached ** piety under Vehumet
 18203 | D:11     | Offered knowledge of Searing Ray by Vehumet.
 18295 | D:11     | Noticed a cyclops
 18299 | D:11     | Killed a cyclops
 18300 | D:11     | Reached skill level 11 in Dodging
 18736 | D:11     | Noticed an eight-headed hydra
 18736 | D:11     | Noticed a cyclops
 18748 | D:11     | Killed an eight-headed hydra
 19214 | D:11     | Noticed a purple ugly thing
 19214 | D:11     | Noticed a red ugly thing
 19297 | D:11     | Noticed a boulder beetle
 19745 | D:11     | Killed a cyclops
 19945 | D:12     | Noticed a cyclops
 19949 | D:12     | Killed a cyclops
 20066 | D:12     | Noticed a two-headed ogre
 20069 | D:12     | Killed a two-headed ogre
 20190 | D:12     | Reached XP level 11. HP: 52/52 MP: 15/25
 20312 | D:12     | Found the +2 ratskin cloak {*Rats rPois rN+ Str-1 Int-1
                  | Dex+1}
 20432 | D:12     | Noticed a red ugly thing
 20463 | D:13     | You fall into a shaft and drop 2 floors!
 20463 | D:15     | Entered Level 15 of the Dungeon
 20467 | D:15     | Noticed a centaur warrior
 20483 | D:15     | Reached skill level 12 in Dodging
 20642 | D:14     | Noticed a deep elf pyromancer
 20803 | D:14     | Killed a deep elf pyromancer
 21407 | D:13     | Noticed a boulder beetle
 21423 | D:13     | Noticed a brown ugly thing
 21430 | D:13     | Mangled by a boulder beetle
 21431 | D:13     | Reached XP level 10. HP: -8/73 MP: 1/24
 21446 | D:13     | Noticed Kirke
 21446 | D:13     | Noticed a cyclops
 21460 | D:13     | Killed a boulder beetle
 21603 | D:12     | Noticed a gargoyle
 21603 | D:12     | Noticed Nergalle
 21681 | D:11     | Noticed a boulder beetle
 21688 | D:11     | Killed a boulder beetle
 22184 | D:10     | Killed a gargoyle
 22866 | D:10     | Offered knowledge of Dazzling Flash by Vehumet.
 23207 | D:9      | Noticed a manticore
 23209 | D:9      | Killed a manticore
 23209 | D:9      | Reached *** piety under Vehumet
 23210 | D:9      | Reached XP level 11. HP: 53/53 MP: 18/25
 23361 | D:9      | Found a staircase to the Orcish Mines.
 23681 | Orc:1    | Entered Level 1 of the Orcish Mines
 24029 | Orc:1    | Noticed a two-headed ogre
 24033 | Orc:1    | Killed a two-headed ogre
 24034 | Orc:1    | Reached skill level 13 in Dodging
 24079 | Orc:1    | Noticed Josephine
 24096 | Orc:1    | Reached skill level 10 in Spellcasting
 24334 | Orc:1    | Killed Josephine
 24334 | Orc:1    | Offered knowledge of Iskenderun's Mystic Blast by Vehumet.
 24445 | Orc:1    | Learned a level 4 spell: Iskenderun's Mystic Blast
 24762 | Orc:1    | Reached skill level 10 in Fighting
 24883 | Orc:2    | Entered Level 2 of the Orcish Mines
 24921 | Orc:2    | Found Huimum's Book Shoppe.
 24930 | Orc:2    | Bought a book of Storms for 448 gold pieces
 24932 | Orc:2    | Learned a level 1 spell: Apportation
 24937 | Orc:2    | Learned a level 4 spell: Summon Lightning Spire
 24943 | Orc:2    | Learned a level 5 spell: Lightning Bolt
 25165 | Orc:2    | Found Piotz's Magic Scroll Emporium.
 25190 | Orc:1    | Noticed an orc high priest
 25190 | Orc:1    | Noticed an orc sorcerer
 25190 | Orc:1    | Noticed an orc sorcerer
 25226 | Orc:2    | Bought a scroll of teleportation for 54 gold pieces
 25226 | Orc:2    | Bought a scroll of teleportation for 54 gold pieces
 25226 | Orc:2    | Bought a scroll of teleportation for 54 gold pieces
 25285 | Orc:2    | Reached **** piety under Vehumet
 25606 | Orc:2    | Noticed an orc sorcerer
 25608 | Orc:2    | Killed an orc sorcerer
 26316 | Orc:2    | Offered knowledge of Fulminant Prism by Vehumet.
 26729 | Orc:2    | Noticed an orc knight
 26733 | Orc:2    | Killed an orc knight
 26734 | Orc:2    | Reached skill level 10 in Air Magic
 27233 | Orc:2    | Noticed an orc knight
 27238 | Orc:2    | Killed an orc knight
 27424 | Orc:2    | Found Tewi Moe's Weapon Shoppe.
 27812 | Orc:2    | Found Tejyrazirr's Jewellery Shop.
 27820 | Orc:2    | Bought a +6 ring of intelligence for 468 gold pieces
 27858 | Orc:2    | Reached skill level 14 in Dodging
 27862 | Orc:2    | Noticed a centaur warrior
 27866 | Orc:2    | Killed a centaur warrior
 27867 | Orc:2    | Gained mutation: Your thick and shaggy fur keeps you warm.
                  | (AC +3, rC+) [Felid growth]
 27867 | Orc:2    | Reached XP level 12. HP: 45/59 MP: 2/27
 28067 | Orc:2    | Found a staircase to the Elven Halls.
 28151 | Orc:2    | Found Irey's Weapon Shoppe.
 28151 | Orc:2    | Found Egaim's Assorted Antiques.
 28153 | Orc:2    | Found Mefeo's General Store.
 28155 | Orc:2    | Found Doloseikh's Magic Scroll Emporium.
 28159 | Orc:2    | Bought 2 fuming emerald potions for 57 gold pieces
 28161 | Orc:2    | Bought a potion of heal wounds for 70 gold pieces
 28166 | Orc:2    | Bought a scroll of teleportation for 33 gold pieces
 28166 | Orc:2    | Bought a scroll of identify for 22 gold pieces
 28691 | D:11     | Noticed Erolcha
 28695 | D:11     | Killed Erolcha
 28900 | D:11     | Killed a boulder beetle
 29566 | D:12     | Killed Nergalle
 30461 | D:12     | Noticed a sphinx
 30706 | D:13     | Noticed a two-headed ogre
 30711 | D:13     | Noticed a two-headed ogre
 30711 | D:13     | Noticed an ogre mage
 30711 | D:13     | Noticed a two-headed ogre
 30716 | D:13     | Noticed a catoblepas
 30830 | D:13     | Killed a catoblepas
 30989 | D:13     | Noticed Azrael
 31496 | D:12     | Killed Kirke
 31642 | D:13     | Reached skill level 15 in Dodging
 31647 | D:13     | Noticed a two-headed ogre
 31652 | D:13     | Noticed Snorg
 31664 | D:13     | Killed an ogre mage
 31665 | D:13     | Killed a two-headed ogre
 31666 | D:13     | Reached XP level 13. HP: 63/63 MP: 4/29
 31672 | D:13     | Reached ***** piety under Vehumet
 31674 | D:13     | Killed Snorg
 31680 | D:13     | Offered knowledge of Yara's Violent Unravelling by Vehumet.
 33601 | D:13     | Found a gate to the Vaults.
 34696 | D:14     | Found a snail-covered altar of Cheibriados.
 34696 | D:14     | Found Cheibriados's Comfort Zone.
 34782 | D:14     | Found a runed translucent door.
 34794 | D:14     | Noticed Nuasicui's ghost (journeyman MiBe)
 35458 | D:14     | Reached skill level 16 in Dodging
 35532 | D:14     | Learned a level 2 spell: Blink
 35535 | D:14     | Learned a level 2 spell: Passwall
 36331 | Lair:1   | Entered Level 1 of the Lair of Beasts
 36596 | Lair:1   | You fall into a shaft and drop 1 floor!
 37658 | Lair:2   | Found a staircase to the Shoals.
 38194 | Lair:1   | Reached XP level 14. HP: 69/69 MP: 24/31
 40063 | Lair:2   | Offered knowledge of Olgreb's Toxic Radiance by Vehumet.
 40855 | Lair:3   | Reached skill level 5 in Conjurations
 41564 | Lair:3   | Found a hole to the Spider Nest.
 43688 | Lair:5   | Entered Level 5 of the Lair of Beasts
 44219 | Lair:5   | Found a viscous altar of Jiyva.
 44219 | Lair:5   | Found the +7 Singing Sword {vorpal, sonic wave}
 44845 | Lair:5   | Offered knowledge of Iskenderun's Battlesphere by Vehumet.
 44852 | Lair:5   | Learned a level 5 spell: Iskenderun's Battlesphere
 45614 | Lair:5   | Reached skill level 17 in Dodging
 46400 | Lair:5   | Reached XP level 15. HP: 74/74 MP: 16/32
 49554 | D:10     | Identified the +1 leather armour "Engin" {Str+6 Dex+6}
 49574 | D:10     | Identified the ring "Pesol" {Drain EV+4 Dex+4}
 51095 | D:15     | Offered knowledge of Orb of Destruction by Vehumet.
 51119 | D:15     | Learned a level 7 spell: Orb of Destruction
 51458 | D:15     | Noticed a fire giant
 51465 | D:15     | Killed a fire giant
 52264 | D:15     | Found a staircase to the Depths.
 52816 | Elf:1    | Entered Level 1 of the Elven Halls
 54216 | Elf:1    | Reached skill level 18 in Dodging
 54710 | Elf:1    | Paralysed by a floating eye for 3 turns
 54717 | Elf:1    | Reached XP level 16. HP: 79/79 MP: 4/34
 55823 | Elf:2    | Gained mutation: Potions are less effective at restoring
                  | your health. [a neqoxec]
 56067 | Elf:2    | Offered knowledge of Spellforged Servitor by Vehumet.
 56219 | Elf:2    | Reached ****** piety under Vehumet
 56247 | Elf:2    | Found a frozen archway.
 56857 | Spider:1 | Entered Level 1 of the Spider Nest
 56915 | Lair:3   | Learned a level 7 spell: Spellforged Servitor
 56978 | Shoals:1 | Entered Level 1 of the Shoals
 57384 | Shoals:2 | Reached skill level 1 in Summonings
 59327 | Shoals:3 | Noticed Jorgrun
 59895 | Shoals:1 | HP: 3/79 [merfolk javelineer/silver javelin (6)]
 59896 | Shoals:1 | Reached skill level 5 in Summonings
 60017 | Shoals:1 | Identified a scroll of acquirement
 60017 | Shoals:1 | Acquired an Inescapable Atlas
 60017 | Shoals:1 | Hit by a boomerang thrown by a merfolk
 60018 | Shoals:1 | Reached XP level 15. HP: 0/75 MP: 3/34
 61290 | Shoals:1 | Offered knowledge of Iron Shot by Vehumet.
 61349 | Shoals:1 | Learned a level 6 spell: Iron Shot
 62660 | Depths:1 | Entered Level 1 of the Depths
 62751 | Depths:1 | Noticed a fire giant
 62766 | Depths:1 | Killed a fire giant
 62805 | Depths:1 | Noticed ababab's ghost (adept FeEn)
 62819 | Depths:1 | Reached skill level 10 in Conjurations
 63025 | Depths:1 | Noticed a daeva
 63026 | Depths:1 | Noticed a daeva
 63026 | Depths:1 | Noticed a profane servitor
 63026 | Depths:1 | Noticed a tengu reaver
 63034 | Depths:1 | Found a transporter.
 63037 | Depths:1 | Noticed an Executioner
 63038 | Depths:1 | Found a one-way gate to the infinite horrors of the Abyss.
 63039 | Depths:1 | Noticed a Hell Sentinel
 63082 | Depths:1 | Found a transporter.
 63147 | Depths:1 | Reached XP level 16. HP: 79/79 MP: 13/35
 63688 | Depths:1 | Found a gateway to Hell.
 63868 | Depths:2 | Found a one-way gateway to a ziggurat.
 63872 | Depths:1 | Mangled by a spriggan berserker (illusionary)
 63873 | Depths:1 | Reached XP level 15. HP: -11/75 MP: 12/34
 64069 | Depths:1 | Reached skill level 15 in Spellcasting
 65003 | Depths:1 | Noticed a fire giant
 65011 | Depths:1 | Killed a fire giant
 65195 | Depths:1 | Noticed Sojobo
 65436 | Depths:1 | Noticed a sphinx
 65445 | Depths:1 | Killed a sphinx
 65567 | Depths:1 | Noticed a tengu reaver
 65574 | Depths:1 | Killed a tengu reaver
 66090 | Depths:1 | Found an iron altar of Okawaru.
 66167 | Depths:1 | Noticed a tengu reaver
 66176 | Depths:1 | Killed Sojobo
 66179 | Depths:1 | Killed a tengu reaver
 66521 | Depths:2 | Reached skill level 10 in Summonings
 67992 | Elf:2    | HP: 2/75 [deep elf zephyrmancer/bolt of lightning (34)]
 68345 | Elf:2    | Reached XP level 16. HP: 79/79 MP: 21/36
 68440 | Elf:2    | Reached skill level 1 in Transmutations
 68670 | Elf:2    | Found a runed translucent gate.
 68671 | Elf:2    | Found a runed translucent gate.
 68671 | Elf:2    | Found a runed translucent gate.
 68719 | Elf:2    | Noticed an acid blob
 68719 | Elf:2    | a fire giant changed into an acid blob
 68724 | Elf:2    | Killed an acid blob
 69162 | Elf:3    | Entered Level 3 of the Elven Halls
 69562 | Elf:3    | Killed from afar by a deep elf elementalist

Illustrated notes

Levels and vault maps discovered:
D:1:      noname_arrival_rooms_in_the_neighbourhood, layout_rooms,
          nicolae_kite_square_tiling_tiny, minmay_pentomino_w4
D:2:      layout_rooms, chequers_ecumenical_altar_island, uniq_jessica
D:3:      layout_basic, uniq_terence
D:4:      layout_cave_pods, nicolae_ossuary_entry_catacombs
D:5:      cheibrodos_helix_gallery, layout_cave_pools, nicolae_overflow_squiral,
          gammafunk_ghost_arena, gup_sewer_entry_bubbles, minmay_holes,
          dreamdust_princess_bridge, lemuel_flamethrower_2, uniq_ijyb
D:6:      layout_basic, kennysheep_generic_room_9
D:7:      layout_loops_corners, grunt_gozag_statues,
          mainiacjoe_overflow_six_doors_small, minmay_temple_entry_overgrown,
          uniq_prince_ribbit1
D:8:      layout_cave_pools, david_lair_shrubbed, hangedman_glass_garden
D:9:      layout_big_octagon, david_orc_3
D:10:     kennysheep_ambush_hall, layout_stronghold, serial_column_ruins,
          column_ruins_square_medium, column_ruins_open_tiny,
          column_ruins_open_tiny, column_ruins_grid_1, column_ruins_grid_2,
          minivault_12
D:11:     layout_stronghold, minmay_fountain_box, kennysheep_path_1,
          minmay_bent, uniq_erolcha
D:12:     layout_long_grid, dk_noncrumbling_2, minivault_26, uniq_nergalle
D:13:     layout_loops_ring, hangedman_vaults_entry_quadrant_bands,
          nicolae_figureground_sparkle, uniq_snorg, uniq_kirke, uniq_azrael
D:14:     layout_basic, minivault_25, hellmonk_ghost_happy_afterlife,
          minmay_shop_chei
D:15:     hangedman_depths_entry_civil_slaughter, layout_gridville,
          serial_bayou_shore_b, minivault_28
Temple:   nicolae_temple_bog_church
Lair:1:   minmay_lair_oklob_chamber, layout_layer_cave,
          chequers_serial_rivers_small_3, hibernation_bobbens
Lair:2:   layout_loops_ring, minmay_shoals_entry_lonely_mermaid, minivault_26
Lair:3:   layout_loops_ring, hellmonk_spider_entry_not_the_bees
Lair:4:   layout_hall_layers, beast_lair_carwin_3, grunt_megastairs_1
Lair:5:   hangedman_lair_tendril_chambers, layout_regular_city,
          minmay_slime_entry_oklob_enclosed, chequers_serial_rivers_room_b,
          minmay_stone_trees_small
Shoals:1: layout_shoals
Shoals:2: layout_shoals
Shoals:3: layout_shoals, uniq_polyphemus, uniq_ilsuiw, uniq_jorgrun
Spider:1: layout_chambers, uniq_nikola, uniq_aizul
Orc:1:    layout_caves, uniq_josephine
Orc:2:    st_orc_rangers, layout_caves, serial_shops, shop,
          nicolae_shop_statue_plus, shop, nicolae_shop_behind_doors,
          mines1_david
Elf:1:    elf_arrival_001, layout_gridlike, kennysheep_underground_church
Elf:2:    nicolae_elf_blades_crystal_corner, layout_geoelf_grid,
          portal_ice_cave_entry_ugly_swarm
Elf:3:    grunt_elf_hall_diamonds, layout_geoelf_grid, serial_shops,
          nicolae_square_shop
Depths:1: layout_basic, gammafunk_ghost_abyssal_escape, hell_entry,
          okawaru_gym_becter, serial_bayou_shore_b, uniq_sojobo
Depths:2: minmay_the_grid_four_pointed_star [minmay_the_grid_triangle_9x9_cache,
          minmay_the_grid_triangle_9x9_semitri,
          minmay_the_grid_triangle_9x9_zippers_horizontal,
          minmay_the_grid_triangle_9x9_wacky_v,
          minmay_the_grid_prize_shrinking_boxes], layout_cave_shapes,
          enter_ziggurat_f, pf_hell_entry_great_geh, elyvilon_altar_1,
          grunt_pan_entry_in_and_out

Skill      XL: |  1  2  3  4  5  6  7  8  9 10 11 12 13 14 15 16 |
---------------+-------------------------------------------------+-----
Conjurations   | 1 4 7 11 | 11.3
Spellcasting   | 3 4 5 6 8 9 10 11 12 15 14 | 15.5
Dodging        | 3 4 6 7 10 11 14 15 16 17 18 | 18.5
Air Magic      | 3 4 5 6 9 10 11 12 13 | 13.3
Fighting       | 2 4 5 6 8 10 11 12 13 14 | 14.3
Summonings     | 10 8 | 10.4
Transmutations | 2 |  2.7
Stealth        | |  2.8

Action                   |  1- 3 |  4- 6 |  7- 9 | 10-12 | 13-15 | 16-18 || total
-------------------------+-------+-------+-------+-------+-------+-------++-------
Melee: Unarmed           |     4 |     2 |    17 |     9 |    51 |    10 ||    93
       Bite              |       |     1 |     2 |       |     8 |     1 ||    12
       Punch             |       |       |       |     1 |     1 |     1 ||     3
 Cast: Shock             |    68 |   207 |   176 |       |       |       ||   451
       Static Discharge  |     1 |    30 |    49 |    11 |     9 |       ||   100
       Airstrike         |       |       |    91 |   390 |   477 |   121 ||  1079
       Summon Lightning  |       |       |       |    30 |   223 |    48 ||   301
       Lightning Bolt    |       |       |       |     5 |   160 |    32 ||   197
       Spellforged Servi |       |       |       |       |    28 |    14 ||    42
       Blink             |       |       |       |       |     1 |     3 ||     4
       Orb of Destructio |       |       |       |       |       |    16 ||    16
       Iskenderun's Batt |       |       |       |       |       |     8 ||     8
Evoke: Wand              |       |       |       |     9 |    18 |    12 ||    39
       Phantom mirror    |       |       |       |     1 |     4 |     1 ||     6
       Lightning rod     |       |       |       |       |     3 |       ||     3
       Condenser vane    |       |       |       |       |     1 |     3 ||     4
  Use: Potion            |       |     1 |     3 |     5 |     9 |    17 ||    35
       Scroll            |       |       |    11 |    18 |    17 |    17 ||    63
 Stab: Sleeping          |     1 |       |       |       |       |       ||     1
       Distracted        |       |       |       |       |     3 |     1 ||     4
Armor: Skin              |     2 |     4 |    25 |     6 |    11 |    42 ||    90
Dodge: Dodged            |    23 |    56 |   131 |   234 |   640 |   241 ||  1325
